 Dungeon Crawl Stone Soup version 0.31.0-11-ge490571c62 (webtiles) character file.

Game seed: 4002504393355918303

742 qw the Skirmisher (level 7, 0/40 HPs)
             Began as a Deep Elf Hunter on Feb 4, 2024.
             Slain by a shadow imp (5 damage)
             ... on level 5 of the Dungeon.
             The game lasted 00:00:22 (3409 turns).

qw the Skirmisher (Deep Elf Hunter)                 Turns: 3409, Time: 00:00:22

Health: 0/40       AC:  7    Str: 10    XL:     7   Next: 47%
Magic:  3/3        EV: 11    Int: 17    God:
Gold:   237        SH:  0    Dex: 20    Spells: 6/6 levels left

rFire   . . .        b - +5 shortbow of Qazlal {antimagic, ^Fragile rC+ Int+3}
rCold   + . .        (shield currently unavailable)
rNeg    . . .        l - +0 ring mail
rPois   .            (helmet restricted)
rElec   .            a - +0 cloak
rCorr   +            (no gloves)
SInv    .            (no boots)
Will    .....        (no amulet)
Stlth   ++           c - ring of resist corrosion
HPRegen 0.26/turn    (no ring)
MPRegen 0.08/turn

%: clarity
@: no status effects
A: antennae 1, thin skeletal structure 1, clarity, shaggy fur 1
a: no special abilities


You were on level 5 of the Dungeon.
You visited 2 branches of the dungeon, and saw 6 of its levels.

You collected 237 gold pieces.


Innate Abilities, Weirdness & Mutations

You have a pair of small antennae on your head.
You have a somewhat thin skeletal structure. (Dex +2, Stealth+)
You possess an exceptional clarity of mind.
You are covered in fur. (AC +1)


   Skills:
 - Level 2.0 Fighting
 - Level 11.1 Ranged Weapons
 - Level 1.7 Armour
 + Level 3.2 Dodging
 - Level 1.2 Stealth


You had 6 spell levels left.
You didn't know any spells.
Your spell library was empty.

Inventory:

Hand Weapons
 b - the +5 shortbow of Qazlal (weapon) {antimagic, ^Fragile rC+ Int+3}
   (You acquired it on level 3 of the Dungeon)

   Int+3:     It affects your intelligence (+3).
   rC+:       It protects you from cold.
   ^Fragile:  It will be destroyed if unequipped.
Armour
 a - a +0 cloak (worn)
 l - a +0 ring mail (worn)
Jewellery
 c - a ring of resist corrosion (left hand)
Potions
 e - 4 potions of curing
 f - a potion of enlightenment
 g - a potion of magic {unknown}
 h - a potion of cancellation
 i - a potion of mutation
 j - a potion of heal wounds {unknown}

Dungeon Overview and Level Annotations

Branches:
Dungeon (5/15)             Temple (1/1) D:4

Altars:
Ashenzari
Dithmenos
Elyvilon
Gozag
Kikubaaqudgha
Makhleb
Qazlal
Ru
Sif Muna
Trog
Uskayaw
Vehumet
Wu Jian
Xom
Zin

Shops:
D:2 :

Annotations:
D:2 1 runed translucent door, Crazy Yiuf


Message History

You shoot an arrow. The arrow hits the phantom.
The phantom is heavily damaged.
The phantom closely misses you.
You hear some strange, mumbled words.
Something tries to affect you, but you resist.
The shadow imp hits you but does no damage.
You shoot an arrow. The arrow closely misses the phantom.
The phantom closely misses you.
The shadow imp hits you but does no damage.
Something hits you but does no damage.
You shoot an arrow. The arrow hits the phantom.
The phantom is severely damaged.
The phantom closely misses you. Something hits you but does no damage.
The shadow imp hits you but does no damage.
You shoot an arrow. The arrow hits the phantom!
The phantom is almost destroyed.
The phantom barely misses you. Something hits you.
The shadow imp closely misses you.
You shoot an arrow. The arrow hits the phantom!
You destroy the phantom!
Something hits you but does no damage. The shadow imp hits you.
Your Ranged Weapons skill increases to level 11!
You shoot an arrow. The arrow closely misses the phantom.
The phantom completely misses you. Something hits you but does no damage.
The shadow imp shouts, "Quit, thou currish swag-bellied pigeon-egg!"
The shadow imp hits you.
You shoot an arrow. The arrow hits the phantom!
The phantom is moderately damaged.
An orc wizard appears from thin air!
Reactivating autopickup.
The phantom completely misses you. The shadow imp gestures at you.
Pain shoots through your body!
The orc wizard hits you with a +0 dagger.
You shoot an arrow.
The arrow closely misses the orc wizard.
The orc wizard closely misses you.
The phantom hits you but does no damage.
The shadow imp hits you.
You die...

#......# #..
#......#....... #..
#..<...#....... #..
#......#.......
#..##......#.......
###..#.......#.......
#....#.......#.......
#....#.......#o..####
#....'.......@5......
#....#.......#W..#...
#+####........###....
####.....# ...
#.....# . #....#...
+........ #....#...#
........)#


You could see a phantom, an orc wizard and a shadow imp.

Vanquished Creatures
  3 black bears
  An ogre (D:4)
  A phantom (D:5)
  A jelly (D:4)
  Jessica (D:2)
  An iguana (D:4)
  2 orc wizards (D:4)
  7 adders
  An ufetubus (D:5)
  4 dart slugs
  13 orcs
  3 bats
  7 endoplasms
  3 giant cockroaches
  6 goblins
  5 hobgoblins
  2 jackals (D:2)
  4 quokkas
  6 ball pythons
  4 frilled lizards
  10 kobolds
  A rat (D:2)
86 creatures vanquished.

Notes
Turn   | Place    | Note
-------+----------+-------------------------------------------
     0 | D:1      | qw the Deep Elf Hunter began the quest for the Orb.
     0 | D:1      | Reached XP level 1. HP: 12/12 MP: 3/3
     0 | D:1      | 0 ||| qw: Version: 0.3-a-160-g6735b56
     0 | D:1      | 0 ||| qw: Game counter: 6013
     0 | D:1      | 0 ||| qw: Melee chars always use a shield: true
     0 | D:1      | 0 ||| qw: God list: Okawaru
     0 | D:1      | 0 ||| qw: Allow faded altars: false
     0 | D:1      | 0 ||| qw: Do Orc after clearing Dungeon:15 true
     0 | D:1      | 0 ||| qw: Do second Lair branch before Depths: true
     0 | D:1      | 0 ||| qw: Lair rune preference: random
     0 | D:1      | 0 ||| qw: Goals: Normal
     0 | D:1      | 0 ||| PLANNING D:1-11
    87 | D:1      | Reached XP level 2. HP: 16/16 MP: 4/4
   127 | D:1      | Reached skill level 6 in Ranged Weapons
   810 | D:1      | 810 ||| UPGRADING to +0 scale mail.
   820 | D:1      | 820 ||| DROPPING +0 leather armour.
   821 | D:1      | 821 ||| READING scroll labelled UDENNEFR KOSHRACK.
   822 | D:1      | 822 ||| DROPPING scroll of butterflies.
   965 | D:2      | Noticed Jessica
   968 | D:2      | Killed Jessica
   969 | D:2      | Reached skill level 7 in Ranged Weapons
   969 | D:2      | Reached XP level 3. HP: 20/20 MP: 5/5
  1002 | D:2      | Found Modeut's Book Boutique.
  1276 | D:2      | Reached XP level 4. HP: 25/25 MP: 6/6
  1307 | D:2      | HP: 4/25 [adder (3)]
  1473 | D:2      | Found a runed translucent door.
  1474 | D:2      | Noticed Crazy Yiuf
  1608 | D:2      | 1608 ||| READING scroll labelled WEIFRAU ELAKH.
  1608 | D:2      | 1608 ||| IDENTIFYING sedimented green potion
  1609 | D:2      | 1609 ||| READING scroll labelled LAASOU ZOUTA.
  1609 | D:2      | 1609 ||| ENCHANTING +0 shortbow.
  1610 | D:2      | 1610 ||| READING scroll labelled DICZUQ CIFYZ.
  1623 | D:2      | 1623 ||| READING scroll labelled ONNEDGH JYPAISS.
  1624 | D:2      | 1624 ||| DRINKING 2 yellow potions.
  1624 | D:2      | Gained mutation: You are covered in fur. (AC +1) [potion of
                  | mutation]
  1624 | D:2      | Gained mutation: You have a somewhat thin skeletal
                  | structure. (Dex +2, Stealth+) [potion of mutation]
  1624 | D:2      | Gained mutation: You have hidden genetic potential. [potion
                  | of mutation]
  1648 | D:3      | 1648 ||| STAIRDANCE
  1653 | D:3      | 1653 ||| STAIRDANCE
  1665 | D:3      | 1665 ||| STAIRDANCE
  1689 | D:3      | 1689 ||| STAIRDANCE
  1747 | D:3      | 1747 ||| STAIRDANCE
  1784 | D:3      | 1784 ||| STAIRDANCE
  1821 | D:3      | 1821 ||| STAIRDANCE
  1836 | D:3      | 1836 ||| STAIRDANCE
  1867 | D:3      | 1867 ||| STAIRDANCE
  1916 | D:3      | Reached skill level 8 in Ranged Weapons
  1918 | D:3      | 1918 ||| STAIRDANCE
  2289 | D:3      | Found a faded altar of an unknown god.
  2430 | D:3      | 2430 ||| UPGRADING to +0 ring mail.
  2440 | D:3      | 2440 ||| DROPPING +0 scale mail.
  2441 | D:3      | 2441 ||| DROPPING +6 ring of intelligence.
  2442 | D:3      | 2442 ||| READING scroll of identify.
  2442 | D:3      | 2442 ||| IDENTIFYING fuming yellow potion
  2443 | D:3      | 2443 ||| READING scroll labelled DITOEFRI QEVULE.
  2444 | D:3      | 2444 ||| READING scroll labelled SAWYAP MOKHLIU.
  2444 | D:3      | Identified a scroll of acquirement
  2444 | D:3      | 2444 ||| ACQUIRING +5 shortbow of Qazlal {antimagic,
                  | ^Fragile rC+ Int+3}
  2444 | D:3      | Acquired the +5 shortbow of Qazlal {antimagic, ^Fragile rC+
                  | Int+3}
  2446 | D:3      | 2446 ||| SWAPPING to +5 shortbow of Qazlal {antimagic,
                  | ^Fragile rC+ Int+3}.
  2447 | D:3      | 2447 ||| DROPPING +1 shortbow.
  2448 | D:3      | 2448 ||| DRINKING 2 bubbling blue potions.
  2478 | D:4      | Noticed a black bear
  2481 | D:4      | 2481 ||| STAIRDANCE
  2485 | D:3      | Killed a black bear
  2486 | D:3      | Reached skill level 9 in Ranged Weapons
  2486 | D:3      | Reached XP level 5. HP: 29/29 MP: 2/7
  2487 | D:4      | Gained mutation: You possess an exceptional clarity of
                  | mind. [hidden potential]
  2496 | D:4      | 2496 ||| STAIRDANCE
  2502 | D:4      | 2502 ||| STAIRDANCE
  2511 | D:4      | 2511 ||| STAIRDANCE
  2627 | D:4      | Found an ancient bone altar of Kikubaaqudgha.
  2640 | D:4      | Reached skill level 3 in Dodging
  2640 | D:4      | Reached XP level 6. HP: 35/35 MP: 2/8
  2658 | D:4      | Gained mutation: You have a pair of small antennae on your
                  | head. [hidden potential]
  2658 | D:4      | Lost mutation: You have hidden genetic potential. [hidden
                  | potential expressed]
  2702 | D:4      | Reached skill level 10 in Ranged Weapons
  2855 | D:4      | Found a staircase to the Ecumenical Temple.
  2856 | D:4      | 2856 ||| PLANNING TEMPLE
  2861 | D:4      | 2861 ||| UPGRADING to +0 cloak.
  2867 | D:4      | Reached skill level 1 in Armour
  2867 | D:4      | 2867 ||| FLEEEEING.
  2871 | D:4      | 2871 ||| FLEEEEING.
  2876 | D:4      | Reached XP level 7. HP: 38/40 MP: 3/9
  2884 | D:4      | 2884 ||| UPGRADING to ring of resist corrosion.
  2885 | D:4      | 2885 ||| READING scroll labelled ETULIA HEFESOG.
  2995 | Temple   | Entered the Ecumenical Temple
  2996 | Temple   | 2996 ||| PLANNING D:1-11
  3367 | D:5      | Entered Level 5 of the Dungeon
  3407 | D:5      | Reached skill level 11 in Ranged Weapons
  3408 | D:5      | HP: 5/40 [shadow imp/nerve-wracking pain (10)]
  3409 | D:5      | Slain by a shadow imp

Levels and vault maps discovered:
D:1:      minmay_arrival_four_loops, layout_basic
D:2:      layout_loops_cross, serial_shops, shop, uniq_jessica,
          uniq_crazy_yiuf_cottage
D:3:      layout_basic, hellmonk_ecumenical_altar_defaced_shrine,
          minmay_strange_pillars
D:4:      layout_loops_ring, nicolae_overflow_crystal_walls, temple_green
D:5:      layout_gridville, nrook_mini_vaults, minmay_fractal_squares_diagonal_5
Temple:   zaba_magenta_temple

Skill      XL: |  1  2  3  4  5  6  7 |
---------------+----------------------+-----
Ranged Weapons | 7 9 10 11 | 11.1
Fighting       | 2 |  2.0
Dodging        | 3 |  3.2
Armour         | 1 |  1.7
Stealth        | |  1.2

Action                     |  1- 3 |  4- 6 |  7- 9 || total
---------------------------+-------+-------+-------++-------
   Fire: Shortbow          |    54 |   160 |    33 ||   247
    Use: Scroll            |     1 |     7 |     1 ||     9
         Potion            |       |     2 |       ||     2
 Armour: Scale mail        |     3 |    62 |       ||    65
         Leather armour    |     1 |       |       ||     1
         Ring mail         |       |    24 |    34 ||    58
  Dodge: Dodged            |     8 |    60 |    25 ||    93

Table legend:
 A = Non-vault XP
 B = Vault XP
 C = Vault XP percentage of total XP
 D = Non-vault monster count
 E = Vault monster count
 F = Vault count percentage of total count
                 A         B        C        D         E       F
            +---------+---------+-------+---------+---------+-------
      Total |     770 |     290 |  27.4 |      78 |       8 |   9.3
            +---------+---------+-------+---------+---------+-------
        D:1 |      29 |       0 |   0.0 |      18 |       0 |   0.0
        D:2 |      79 |      37 |  31.9 |      22 |       1 |   4.3
        D:3 |     150 |       6 |   3.8 |      14 |       2 |  12.5
        D:4 |     512 |       0 |   0.0 |      24 |       0 |   0.0
        D:5 |       0 |     247 | 100.0 |       0 |       5 | 100.0
            +---------+---------+-------+---------+---------+-------
